Workbook

Sheet Resumen Presupuesto propuesta
B3: SIRE-PL01 FORMATO PRESUPUESTO DGCINE
A6: LARGOMETRAJE | C6: PRE
A7: PRODUCTOR | C7: RODAJE
A8: DIRECTOR | C8: SEMANAS
A9: PREPARADO POR | C9: CREW
A10: LOCACIONES | C10: CAST
C11: EXTRAS
A12: VERSIÓN PRESUPUESTO NÚM. | C12: MONEDA
C13: FECHA PREP.
A15: ='[1]BUDGET - Table 1 MODIFICADA'!A12 -> Cta. No. | B15: ='[1]BUDGET - Table 1 MODIFICADA'!B12 -> Descripción | D15: Total RD$
A16: ='[1]BUDGET - Table 1 MODIFICADA'!A13 -> 1000 | B16: GUION | D16: ='Propuesta presupuesto detallado'!K13 -> 0
A17: 1100 | B17: PRODUCTOR GENERAL | D17: ='Propuesta presupuesto detallado'!K20 -> 0
A18: 1200 | B18: DIRECTOR | D18: ='Propuesta presupuesto detallado'!K24 -> 0
A19: 1300 | B19: CAST | D19: ='Propuesta presupuesto detallado'!K33 -> 0
A20: 1400 | B20: ATL VIAJES Y HOSPEDAJE | D20: ='Propuesta presupuesto detallado'!K45 -> 0
B21: Total Cuentas Desde 1000 Hasta 1400 | D21: =SUM(D16:D20) -> 0
A22: ='[1]BUDGET - Table 1 MODIFICADA'!A87 -> 1500 | B22: DEPARTAMENTO DE PRODUCCIÓN | D22: ='Propuesta presupuesto detallado'!K73 -> 0
A23: 1600 | B23: DEPARTAMENTO DE DIRECCIÓN | D23: ='Propuesta presupuesto detallado'!K91 -> 0
A24: 1700 | B24: EXTRAS / PARTICIPACIONES ESPECIALES | D24: ='Propuesta presupuesto detallado'!K125 -> 0
A25: 1800 | B25: DEPARTAMENTO DE CASTING | D25: ='Propuesta presupuesto detallado'!K142 -> 0
A26: 1900 | B26: DEPARTAMENTO DE ARTE | D26: ='Propuesta presupuesto detallado'!K171 -> 0
A27: 2000 | B27: DEPARTAMENTO DE DECORACIÓN | D27: ='Propuesta presupuesto detallado'!K186 -> 0
A28: 2100 | B28: CONSTRUCCIÓN DE SETS | D28: ='Propuesta presupuesto detallado'!K204 -> 0
A29: 2200 | B29: UTILERÍA | D29: ='Propuesta presupuesto detallado'!K222 -> 0
A30: 2300 | B30: VEHÍCULOS DE ESCENA | D30: ='Propuesta presupuesto detallado'!K243 -> 0
A31: 2400 | B31: ANIMALES EN ESCENA | D31: ='Propuesta presupuesto detallado'!K254 -> 0
A32: 2500 | B32: EFECTOS ESPECIALES | D32: ='Propuesta presupuesto detallado'!K264 -> 0
A33: 2600 | B33: DEPARTAMENTO DE VESTUARIO | D33: ='Propuesta presupuesto detallado'!K285 -> 0
A34: 2700 | B34: DEPARTAMENTO DE MAQUILLAJE Y PEINADO | D34: ='Propuesta presupuesto detallado'!K305 -> 0
A35: 2800 | B35: A&B | D35: ='Propuesta presupuesto detallado'!K320 -> 0
A36: 2900 | B36: OPERACIONES DE SET | D36: ='Propuesta presupuesto detallado'!K347 -> 0
A37: 3000 | B37: ILUMINACIÓN DE SET | D37: ='Propuesta presupuesto detallado'!K371 -> 0
A38: 3100 | B38: DEPARTAMENTO DE CÁMARA | D38: ='Propuesta presupuesto detallado'!K410 -> 0
A39: 3200 | B39: DEPARTAMENTO DE SONIDO | D39: ='Propuesta presupuesto detallado'!K424 -> 0
A40: 3300 | B40: DEPARTAMENTO DE LOCACIONES | D40: ='Propuesta presupuesto detallado'!K455 -> 0
A41: 3400 | B41: TRANSPORTACIÓN | D41: ='Propuesta presupuesto detallado'!K478 -> 0
A42: 3500 | B42: BTL VIAJES Y HOSPEDAJES | D42: ='Propuesta presupuesto detallado'!K490 -> 0
A43: 3600 | B43: ESTUDIO DE FILMACIÓN | D43: ='Propuesta presupuesto detallado'!K494 -> 0
A44: 3700 | B44: OFICINA DE PRODUCCIÓN | D44: ='Propuesta presupuesto detallado'!K509 -> 0
A45: 3800 | B45: RODAJE EN EL EXTRANJERO | D45: ='Propuesta presupuesto detallado'!K519 -> 0
A46: 3900 | B46: SEGUNDA UNIDAD | D46: ='Propuesta presupuesto detallado'!K536 -> 0
B47: Total Producción (1500-3800) | D47: =SUM(D22:D45) -> 0
A48: 4000 | B48: POST PRODUCCIÓN DE VIDEO | D48: ='Propuesta presupuesto detallado'!K552 -> 0
A49: 4100 | B49: POST PRODUCCIÓN DE SONIDO | D49: ='Propuesta presupuesto detallado'!K569 -> 0
A50: 4200 | B50: VIAJES Y HOSPEDAJE POST PRODUCCIÓN | D50: ='Propuesta presupuesto detallado'!K578 -> 0
B51: Total Post-Producción (3900-4500) | D51: =SUM(D48:D50) -> 0
A52: 4300 | B52: GASTOS LEGALES Y ADMINISTRATIVOS | D52: ='Propuesta presupuesto detallado'!K587 -> 0
A53: 4400 | B53: GASTOS GENERALES | D53: ='Propuesta presupuesto detallado'!K593 -> 0
B54: Total Cuentas (4600-5000) | D54: =SUM(D52:D53) -> 0
A56: 4500 | B56: SEGURO: 2.0% | D56: ='Propuesta presupuesto detallado'!K599 -> 0
A57: 4600 | B57: CARGOS BANCARIOS: 0.15% | D57: ='Propuesta presupuesto detallado'!K600 -> 0
A58: 4700 | B58: CONTINGENCIA: 5.0% | D58: ='Propuesta presupuesto detallado'!K601 -> 0
B60: Sub-Total | D60: ='Propuesta presupuesto detallado'!I606 -> 0
B61: Impuestos (ITBIS 18%) | D61: ='Propuesta presupuesto detallado'!J606 -> 0
B62: Total | D62: ='Propuesta presupuesto detallado'!K606 -> 0

Sheet Propuesta presupuesto detallado
A1: DGCINE
A2: FORMATO PRESUPUESTOS EXCEL | B2: SIRE-PL01 FORMATO PRESUPUESTO DGCINE
A4: Account | B4: 1000 | C4: Guion | D4: Descripción | E4: Cantidad | F4: Unidad | G4: X | H4: Monto unitario | I4: Sub-Total | J4: ITBIS 18% | K4: Total
B5: SUB CUENTA
A6: 1000 | B6: 1001 | C6: Guionista | D6: Nombre guionista | E6: 1 | F6: FLAT | G6: 1 | I6: =E6*G6*H6 -> 0 | J6: 0 | K6: =I6 -> 0
A7: 1000 | B7: 1002 | C7: Derechos de Autor | D7: Nombre de la obra | E7: 1 | F7: FLAT | G7: 1 | I7: =E7*G7*H7 -> 0 | J7: 0 | K7: =I7 -> 0
A8: 1000 | B8: 1003 | C8: Fotocopias de Guion | D8: Fotofopias de Guion | E8: 1 | F8: FLAT | G8: 1 | I8: =E8*G8*H8 -> 0 | J8: =I8*0.18 -> 0 | K8: =I8+J8 -> 0
A9: 1000 | B9: 1004 | C9: Asesoría de Guion | D9: Nombre / Asesoría de Guion | E9: 1 | F9: FLAT | G9: 1 | I9: =H9 -> 0 | J9: =I9*0.18 -> 0 | K9: =I9+J9 -> 0
A10: 1000 | B10: 1005 | C10: Storyboard | D10: Nombre proveedor Storyboard | E10: 1 | F10: FLAT | G10: 1 | H10: 0 | I10: =H10 -> 0 | J10: =I10*0.18 -> 0 | K10: =I10+J10 -> 0
B11: 1006 | C11: Traductor de guion para subtítulos | D11: Traductor de guion para subtítulos | E11: 1 | F11: POR PÁG. DE GUION | G11: 1 | I11: =H11 -> 0 | J11: =I11*0.18 -> 0 | K11: =I11+J11 -> 0
B12: 1007 | C12: Derechos de adaptación de libros | D12: Nombre suplidor | E12: 1 | F12: FLAT | G12: 1 | I12: =H12 -> 0 | J12: 0 | K12: =I12+J12 -> 0
A13: 1000 | B13: SUB TOTAL | I13: =SUM(I6:I12) -> 0 | J13: =SUM(J8:J11) -> 0 | K13: =SUM(K6:K12) -> 0
A14: Account | B14: 1100 | C14: Productor General | D14: Descripción | E14: Cantidad | F14: Unidad | G14: X | H14: Monto unitario | I14: Sub-Total | J14: ITBIS 18% | K14: Total
B15: SUB CUENTA
A16: 1100 | B16: 1101 | C16: Productor General 1 | D16: Nombre del Productor | E16: 1 | F16: FLAT | G16: 1 | I16: =E16*G16*H16 -> 0 | J16: =I16*0.18 -> 0 | K16: =I16+J16 -> 0
B17: 1101 | C17: Productor General 2 | D17: Nombre del Productor | E17: 1 | F17: FLAT | G17: 1 | H17: 0 | I17: =E17*G17*H17 -> 0 | J17: =I17*0.18 -> 0 | K17: =I17+J17 -> 0
B18: 1101 | C18: Productor General 3 | D18: Nombre del Productor | E18: 1 | F18: FLAT | G18: 1 | H18: 0 | I18: =E18*G18*H18 -> 0 | J18: =I18*0.18 -> 0 | K18: =I18+J18 -> 0
B19: 1102 | C19: Elaboración de Presupuesto y Plan de Rodaje | D19: Nombre suplidor | E19: 1 | F19: FLAT | G19: 1 | H19: 0 | I19: =E19*G19*H19 -> 0 | J19: =I19*0.18 -> 0 | K19: =I19+J19 -> 0
A20: 1100 | B20: SUB TOTAL | I20: =I16+I17+I18+I19 -> 0 | J20: =J16+J17+J18+J19 -> 0 | K20: =K16+K17+K18+K19 -> 0
A21: Account | B21: 1200 | C21: Director | D21: Descripción | E21: Cantidad | F21: Unidad | G21: X | H21: Monto unitario | I21: Sub-Total | J21: ITBIS 18% | K21: Total
B22: SUB CUENTA
A23: 1200 | B23: 1201 | C23: Director | D23: Nombre del Director | E23: 1 | F23: FLAT | G23: 1 | I23: =E23*G23*H23 -> 0 | J23: =I23*0.18 -> 0 | K23: =I23+J23 -> 0
A24: 1200 | B24: SUB TOTAL | I24: =I23 -> 0 | J24: =J23 -> 0 | K24: =SUM(K23:K23) -> 0
A25: Account | B25: 1300 | C25: Cast | D25: Descripción | E25: Cantidad | F25: Unidad | G25: X | H25: Monto unitario | I25: Sub-Total | J25: ITBIS 18% | K25: Total
B26: SUB CUENTA
A27: 1300 | B27: 1301 | C27: Reparto Principal | D27: Actor / Personaje | E27: 1 | F27: SEMANA | G27: 1 | H27: 0 | I27: =E27*G27*H27 -> 0 | J27: =I27*0.18 -> 0 | K27: =I27+J27 -> 0
A28: 1300 | B28: 1301 | C28: Reparto Principal | D28: Actor / Personaje | E28: 1 | F28: SEMANA | G28: 1 | H28: 0 | I28: =E28*G28*H28 -> 0 | J28: =I28*0.18 -> 0 | K28: =I28+J28 -> 0
A29: 1300 | B29: 1301 | C29: Reparto Principal | D29: Actor / Personaje | E29: 1 | F29: SEMANA | G29: 1 | I29: =E29*G29*H29 -> 0 | J29: =I29*0.18 -> 0 | K29: =I29+J29 -> 0
A30: 1300 | B30: 1302 | C30: Reparto Secundario | D30: Actor / Personaje Secundario | E30: 1 | F30: SEMANA | G30: 1 | H30: 0 | I30: =E30*G30*H30 -> 0 | J30: =I30*0.18 -> 0 | K30: =I30+J30 -> 0
A31: 1300 | B31: 1302 | C31: Reparto Secundario | D31: Actor / Personaje Secundario | E31: 1 | F31: SEMANA | G31: 1 | I31: =E31*G31*H31 -> 0 | J31: =I31*0.18 -> 0 | K31: =I31+J31 -> 0
A32: 1300 | B32: 1302 | C32: Reparto Secundario | D32: Actor / Personaje Secundario | E32: 1 | F32: SEMANA | G32: 1 | H32: 0 | I32: =E32*G32*H32 -> 0 | J32: =I32*0.18 -> 0 | K32: =I32+J32 -> 0
A33: 1300 | B33: SUB TOTAL | I33: =SUM(I27+I28+I29+I30+I31+I32) -> 0 | J33: =SUM(J27+J28+J29+J30+J31+J32) -> 0 | K33: =SUM(K27:K32) -> 0
A34: Account | B34: 1400 | C34: Atl Viajes y Hospedaje | D34: Descripción | E34: Cantidad | F34: Unidad | G34: X | H34: Monto unitario | I34: Sub-Total | J34: ITBIS 18% | K34: Total
A35: 1400 | B35: SUB CUENTA
A36: 1400 | B36: 1401 | C36: Tickets Aéreos | D36: Pasajero / Destino | E36: 1 | F36: SEMANA | G36: 1 | I36: =E36*G36*H36 -> 0 | J36: =I36*0.18 -> 0 | K36: =I36+J36 -> 0
A37: 1400 | B37: 1401 | C37: Tickets Aéreos | D37: Pasajero / Destino | E37: 1 | F37: SEMANA | G37: 1 | H37: 0 | I37: =E37*G37*H37 -> 0 | J37: =I37*0.18 -> 0 | K37: =I37+J37 -> 0
A38: 1400 | B38: 1401 | C38: Tickets Aéreos | D38: Pasajero / Destino | E38: 1 | F38: SEMANA | G38: 1 | H38: 0 | I38: =E38*G38*H38 -> 0 | J38: =I38*0.18 -> 0 | K38: =I38+J38 -> 0
A39: 1400 | B39: 1402 | C39: Hospedaje | D39: Posición / Nombre | E39: 1 | F39: SEMANA | G39: 1 | H39: 0 | I39: =E39*G39*H39 -> 0 | J39: =I39*0.18 -> 0 | K39: =I39+J39 -> 0
A40: 1400 | B40: 1402 | C40: Hospedaje | D40: Pre | E40: 1 | F40: SEMANA | G40: 1 | H40: 0 | I40: =E40*G40*H40 -> 0 | J40: =I40*0.18 -> 0 | K40: =I40+J40 -> 0
A41: 1400 | B41: 1402 | C41: Hospedaje | D41: Rodaje | E41: 1 | F41: SEMANA | G41: 1 | H41: 0 | I41: =E41*G41*H41 -> 0 | J41: =I41*0.18 -> 0 | K41: =I41+J41 -> 0
A42: 1400 | B42: 1403 | C42: Viáticos | D42: Posición / Nombre | E42: 1 | F42: SEMANA | G42: 1 | I42: =E42*G42*H42 -> 0 | K42: =I42+J42 -> 0
A43: 1400 | B43: 1403 | C43: Viáticos | D43: Pre | E43: 1 | F43: SEMANA | G43: 1 | H43: 0 | I43: =E43*G43*H43 -> 0 | K43: =I43+J43 -> 0
A44: 1400 | B44: 1403 | C44: Viáticos | D44: Rodaje | E44: 1 | F44: SEMANA | G44: 1 | H44: 0 | I44: =E44*G44*H44 -> 0 | K44: =I44+J44 -> 0
A45: 1400 | B45: SUB TOTAL | I45: =SUM(I36+I37+I38+I39+I40+I41+I42+I43+I44) -> 0 | J45: =SUM(J36+J37+J38+J39+J40+J41+J42+J43+J44) -> 0 | K45: =SUM(K36+K37+K38+K39+K40+K41+K42+K43+K44) -> 0
A46: Account | B46: 1500 | C46: Departamento de Producción | D46: Descripción | E46: Cantidad | F46: Unidad | G46: X | H46: Monto unitario | I46: Sub-Total | J46: ITBIS 18% | K46: Total
B47: SUB CUENTA
A48: 1500 | B48: 1501 | C48: Productor de Línea | D48: Pre | E48: 1 | F48: SEMANA | G48: 1 | H48: 0 | I48: =E48*G48*H48 -> 0 | J48: =I48*0.18 -> 0 | K48: =I48+J48 -> 0
A49: 1500 | B49: 1501 | C49: Productor de Línea | D49: Rodaje | E49: 1 | F49: SEMANA | G49: 1 | H49: 0 | I49: =E49*G49*H49 -> 0 | J49: =I49*0.18 -> 0 | K49: =I49+J49 -> 0
A50: 1500 | B50: 1501 | C50: Productor de Línea | D50: Cierre | E50: 1 | F50: SEMANA | G50: 1 | H50: 0 | I50: =E50*G50*H50 -> 0 | J50: =I50*0.18 -> 0 | K50: =I50+J50 -> 0
A51: 1500 | B51: 1502 | C51: Jefe de Producción | D51: Pre | E51: 1 | F51: SEMANA | G51: 1 | H51: 0 | I51: =E51*G51*H51 -> 0 | J51: =I51*0.18 -> 0 | K51: =I51+J51 -> 0
A52: 1500 | B52: 1502 | C52: Jefe de Producción | D52: Rodaje | E52: 1 | F52: SEMANA | G52: 1 | H52: 0 | I52: =E52*G52*H52 -> 0 | J52: =I52*0.18 -> 0 | K52: =I52+J52 -> 0
A53: 1500 | B53: 1502 | C53: Jefe de Producción | D53: Cierre | E53: 1 | F53: SEMANA | G53: 1 | H53: 0 | I53: =E53*G53*H53 -> 0 | J53: =I53*0.18 -> 0 | K53: =I53+J53 -> 0
A54: 1500 | B54: 1503 | C54: Coordinador de Producción | D54: Pre | E54: 1 | F54: SEMANA | G54: 1 | H54: 0 | I54: =E54*G54*H54 -> 0 | J54: =I54*0.18 -> 0 | K54: =I54+J54 -> 0
A55: 1500 | B55: 1503 | C55: Coordinador de Producción | D55: Rodaje | E55: 1 | F55: SEMANA | G55: 1 | H55: 0 | I55: =E55*G55*H55 -> 0 | J55: =I55*0.18 -> 0 | K55: =I55+J55 -> 0
A56: 1500 | B56: 1503 | C56: Coordinador de Producción | D56: Cierre | E56: 1 | F56: SEMANA | G56: 1 | H56: 0 | I56: =E56*G56*H56 -> 0 | J56: =I56*0.18 -> 0 | K56: =I56+J56 -> 0
A57: 1500 | B57: 1504 | C57: Secretaria de Producción | D57: Pre | E57: 1 | F57: SEMANA | G57: 1 | H57: 0 | I57: =E57*G57*H57 -> 0 | J57: =I57*0.18 -> 0 | K57: =I57+J57 -> 0
A58: 1500 | B58: 1504 | C58: Secretaria de Producción | D58: Rodaje | E58: 1 | F58: SEMANA | G58: 1 | H58: 0 | I58: =E58*G58*H58 -> 0 | J58: =I58*0.18 -> 0 | K58: =I58+J58 -> 0
A59: 1500 | B59: 1504 | C59: Secretaria de Producción | D59: Cierre | E59: 1 | F59: SEMANA | G59: 1 | H59: 0 | I59: =E59*G59*H59 -> 0 | J59: =I59*0.18 -> 0 | K59: =I59+J59 -> 0
... A68: 1500 | B68: 1507 | C68: Runner | D68: Cierre | E68: 1 | F68: SEMANA | G68: 1 | H68: 0 | I68: =E68*G68*H68 -> 0 | J68: =I68*0.18 -> 0 | K68: =I68+J68 -> 0
B69: 1508 | C69: Mensajero | D69: Nombre | E69: 1 | F69: MENSUAL | G69: 1 | H69: 0 | I69: =E69*G69*H69 -> 0 | J69: =I69*0.18 -> 0 | K69: =I69+J69 -> 0
A70: 1500 | B70: 1509 | C70: Compras Dpto Producción | D70: Detalle Compras Dpto Producción | E70: 1 | F70: SEMANA | G70: 1 | H70: 0 | I70: =E70*G70*H70 -> 0 | J70: =I70*0.18 -> 0 | K70: =I70+J70 -> 0
A71: 1500 | B71: 1510 | C71: Rentas Dpto Producción | D71: Detalle Rentas Dpto Producción | E71: 1 | F71: SEMANA | G71: 1 | H71: 0 | I71: =E71*G71*H71 -> 0 | J71: =I71*0.18 -> 0 | K71: =I71+J71 -> 0
B72: 1511 | C72: Renta de Radios de Comunicación | D72: Detalle de Radios de Comunicación | E72: 1 | F72: DIA | G72: 1 | H72: 0 | I72: =E72*G72*H72 -> 0 | J72: =I72*0.18 -> 0 | K72: =I72+J72 -> 0
A73: 1500 | B73: SUB TOTAL | I73: =SUM(I48:I71) -> 0 | J73: =SUM(J48:J71) -> 0 | K73: =SUM(K48:K71) -> 0
B74: 1600 | C74: Departamento de Dirección | D74: Descripción | E74: Cantidad | F74: Unidad | G74: X | H74: Monto unitario | I74: Sub-Total | J74: ITBIS 18% | K74: Total
B75: SUB CUENTA
A76: 1500 | B76: 1601 | C76: 1er Asistente de Dirección | D76: Prep | E76: 1 | F76: SEMANA | G76: 1 | H76: 0 | I76: =E76*G76*H76 -> 0 | J76: =I76*0.18 -> 0 | K76: =I76+J76 -> 0
A77: 1500 | B77: 1601 | C77: 1er Asistente de Dirección | D77: Rodaje | E77: 1 | F77: SEMANA | G77: 1 | H77: 0 | I77: =E77*G77*H77 -> 0 | J77: =I77*0.18 -> 0 | K77: =I77+J77 -> 0
A78: 1500 | B78: 1601 | C78: 1er Asistente de Dirección | D78: Cierre | E78: 1 | F78: SEMANA | G78: 1 | H78: 0 | I78: =E78*G78*H78 -> 0 | J78: =I78*0.18 -> 0 | K78: =I78+J78 -> 0
A79: 1500 | B79: 1602 | C79: 2do Asistente de Dirección | D79: Pre | E79: 1 | F79: SEMANA | G79: 1 | H79: 0 | I79: =E79*G79*H79 -> 0 | J79: =I79*0.18 -> 0 | K79: =I79+J79 -> 0
A80: 1500 | B80: 1602 | C80: 2do Asistente de Dirección | D80: Rodaje | E80: 1 | F80: SEMANA | G80: 1 | H80: 0 | I80: =E80*G80*H80 -> 0 | J80: =I80*0.18 -> 0 | K80: =I80+J80 -> 0
A81: 1500 | B81: 1602 | C81: 2do Asistente de Dirección | D81: Cierre | E81: 1 | F81: SEMANA | G81: 1 | H81: 0 | I81: =E81*G81*H81 -> 0 | J81: =I81*0.18 -> 0 | K81: =I81+J81 -> 0
A82: 1500 | B82: 1603 | C82: 3er Asistente de Dirección | D82: Pre | E82: 1 | F82: SEMANA | G82: 1 | H82: 0 | I82: =E82*G82*H82 -> 0 | J82: =I82*0.18 -> 0 | K82: =I82+J82 -> 0
A83: 1500 | B83: 1603 | C83: 3er Asistente de Dirección | D83: Rodaje | E83: 1 | F83: SEMANA | G83: 1 | H83: 0 | I83: =E83*G83*H83 -> 0 | J83: =I83*0.18 -> 0 | K83: =I83+J83 -> 0
A84: 1500 | B84: 1603 | C84: 3er Asistente de Dirección | D84: Cierre | E84: 1 | F84: SEMANA | G84: 1 | H84: 0 | I84: =E84*G84*H84 -> 0 | J84: =I84*0.18 -> 0 | K84: =I84+J84 -> 0
A85: 1500 | B85: 1604 | C85: Continuista | D85: Pre | E85: 1 | F85: SEMANA | G85: 1 | H85: 0 | I85: =E85*G85*H85 -> 0 | J85: =I85*0.18 -> 0 | K85: =I85+J85 -> 0
A86: 1500 | B86: 1604 | C86: Continuista | D86: Rodaje | E86: 1 | F86: SEMANA | G86: 1 | H86: 0 | I86: =E86*G86*H86 -> 0 | J86: =I86*0.18 -> 0 | K86: =I86+J86 -> 0
A87: 1500 | B87: 1604 | C87: Continuista | D87: Cierre | E87: 1 | F87: SEMANA | G87: 1 | H87: 0 | I87: =E87*G87*H87 -> 0 | J87: =I87*0.18 -> 0 | K87: =I87+J87 -> 0
B88: 1605 | C88: Coach de Actores | D88: Pre | E88: 1 | F88: SEMANA | G88: 1 | H88: 0 | I88: =E88*G88*H88 -> 0 | J88: =I88*0.18 -> 0 | K88: =I88+J88 -> 0
B89: 1605 | C89: Coach de Actores | D89: Rodaje | E89: 1 | F89: SEMANA | G89: 1 | H89: 0 | I89: =E89*G89*H89 -> 0 | J89: =I89*0.18 -> 0 | K89: =I89+J89 -> 0
B90: 1605 | C90: Coach de Actores | D90: Cierre | E90: 1 | F90: SEMANA | G90: 1 | H90: 0 | I90: =E90*G90*H90 -> 0 | J90: =I90*0.18 -> 0 | K90: =I90+J90 -> 0
A91: 1500 | B91: SUB TOTAL | I91: =SUM(I76:I90) -> 0 | J91: =SUM(J76:J90) -> 0 | K91: =SUM(K76:K90) -> 0
A92: Account | B92: 1700 | C92: Extras / Participaciones Especiales | D92: Descripción | E92: Cantidad | F92: Unidad | G92: X | H92: Monto unitario | I92: Sub-Total | J92: ITBIS 18% | K92: Total
B93: SUB CUENTA
A94: 1600 | B94: 1701 | C94: Participaciones Especiales / Figurantes | D94: Actor / Personaje | E94: 1 | F94: DIA | G94: 1 | H94: 0 | I94: =E94*G94*H94 -> 0 | J94: =I94*0.18 -> 0 | K94: =I94+J94 -> 0
A95: 1600 | B95: 1701 | C95: Participaciones Especiales / Figurantes | D95: Actor / Personaje | E95: 1 | F95: DIA | G95: 1 | H95: 0 | I95: =E95*G95*H95 -> 0 | J95: =I95*0.18 -> 0 | K95: =I95+J95 -> 0
A96: 1600 | B96: 1701 | C96: Participaciones Especiales / Figurantes | D96: Actor / Personaje | E96: 1 | F96: DIA | G96: 1 | H96: 0 | I96: =E96*G96*H96 -> 0 | J96: =I96*0.18 -> 0 | K96: =I96+J96 -> 0
A97: 1600 | B97: 1701 | C97: Participaciones Especiales / Figurantes | D97: Actor / Personaje | E97: 1 | F97: DIA | G97: 1 | H97: 0 | I97: =E97*G97*H97 -> 0 | J97: =I97*0.18 -> 0 | K97: =I97+J97 -> 0
A98: 1600 | B98: 1701 | C98: Participaciones Especiales / Figurantes | D98: Actor / Personaje | E98: 1 | F98: DIA | G98: 1 | H98: 0 | I98: =E98*G98*H98 -> 0 | J98: =I98*0.18 -> 0 | K98: =I98+J98 -> 0
A99: 1600 | B99: 1701 | C99: Participaciones Especiales / Figurantes | D99: Actor / Personaje | E99: 1 | F99: DIA | G99: 1 | H99: 0 | I99: =E99*G99*H99 -> 0 | J99: =I99*0.18 -> 0 | K99: =I99+J99 -> 0
A100: 1600 | B100: 1701 | C100: Participaciones Especiales / Figurantes | D100: Actor / Personaje | E100: 1 | F100: DIA | G100: 1 | H100: 0 | I100: =E100*G100*H100 -> 0 | J100: =I100*0.18 -> 0 | K100: =I100+J100 -> 0
A101: 1600 | B101: 1701 | C101: Participaciones Especiales / Figurantes | D101: Actor / Personaje | E101: 1 | F101: DIA | G101: 1 | H101: 0 | I101: =E101*G101*H101 -> 0 | J101: =I101*0.18 -> 0 | K101: =I101+J101 -> 0
A102: 1600 | B102: 1701 | C102: Participaciones Especiales / Figurantes | D102: Actor / Personaje | E102: 1 | F102: DIA | G102: 1 | H102: 0 | I102: =E102*G102*H102 -> 0 | J102: =I102*0.18 -> 0 | K102: =I102+J102 -> 0
A103: 1600 | B103: 1702 | C103: Day Players | D103: Actor / Personaje | E103: 1 | F103: DIA | G103: 1 | H103: 0 | I103: =E103*G103*H103 -> 0 | J103: =I103*0.18 -> 0 | K103: =I103+J103 -> 0
A104: 1600 | B104: 1702 | C104: Day Players | D104: Actor / Personaje | E104: 1 | F104: DIA | G104: 1 | H104: 0 | I104: =E104*G104*H104 -> 0 | J104: =I104*0.18 -> 0 | K104: =I104+J104 -> 0
A105: 1600 | B105: 1702 | C105: Day Players | D105: Actor / Personaje | E105: 1 | F105: DIA | G105: 1 | H105: 0 | I105: =E105*G105*H105 -> 0 | J105: =I105*0.18 -> 0 | K105: =I105+J105 -> 0
... A124: 1600 | B124: 1707 | C124: Extras | D124: Detalle de Extras | E124: 1 | F124: DIA | G124: 1 | H124: 0 | I124: =E124*G124*H124 -> 0 | J124: =I124*0.18 -> 0 | K124: =I124+J124 -> 0
A125: 1600 | B125: SUB TOTAL | I125: =SUM(I94:I124) -> 0 | J125: =SUM(J94:J124) -> 0 | K125: =SUM(K94:K124) -> 0
A126: Account | B126: 1800 | C126: Departamento de Casting | D126: Descripción | E126: Cantidad | F126: Unidad | G126: X | H126: Monto unitario | I126: Sub-Total | J126: ITBIS 18% | K126: Total
A127: 1700 | B127: SUB CUENTA
...

Sheet Listas
A3: TIPO DE PAGO | B3: MONEDA
A4: DIA | B4: PESO DOMINICANO
A5: SEMANA | B5: DOLAR USA
A6: FLAT
A7: MENSUAL
A8: POR PÁG. DE GUION
A9: MEDIA JORNADA
A10: JORNADA COMPLETA
A11: POR IDIOMA
